BSA
KALAMAZOO ROYALE WITH CHEESE @ NEW YORK KNIGHTS
04/26/2024
 
TOP OF THE 1ST
Kalamazoo Royale with Cheese batting - Pitching for New York Knights : RHP Randy Mailman
Pitching: RHP Randy Mailman
Batting: LHB Bryce Hopkins 0-0: Called Strike
0-1: Ball
1-1: Fly out, F9 (Flyball, 9M)
Batting: RHB Eugenio Lucero 0-0: Ball
1-0: Called Strike
1-1: Foul Ball, location: 2F
1-2: Ball
2-2: Ground out 5-3 (Groundball, 56S)
Batting: LHB Jacob Wright 0-0: Ball
1-0: Called Strike
1-1: Ball
2-1: Ball
3-1: Base on Balls
Batting: LHB Stan Hickman 0-0: Swinging Strike
0-1: Ground out 3-1 (Groundball, 3L)
Top of the 1st over - 0 run(s), 0 hit(s), 0 error(s), 1 left on base; Kalamazoo 0 - New York 0
BOTTOM OF THE 1ST
New York Knights batting - Pitching for Kalamazoo Royale with Cheese : RHP Jim Daniel
Pitching: RHP Jim Daniel
Batting: RHB José Aguilera 0-0: SINGLE (Flyball, 89S)
Batting: RHB Pepe Carrasco 0-0: Fly out, F7 (Flyball, 7LD)
Batting: LHB Troy Donaldson 0-0: Ball
1-0: Called Strike
1-1: Called Strike
1-2: Strikes out looking
Batting: SHB Marvin Harris 0-0: Called Strike
0-1: Ball
1-1: Swinging Strike
1-2: Ball
2-2: Ball
José Aguilera steals 2nd base
3-2: Foul Ball, location: 2F
3-2: Strikes out swinging
Bottom of the 1st over - 0 run(s), 1 hit(s), 0 error(s), 1 left on base; Kalamazoo 0 - New York 0
TOP OF THE 2ND
Kalamazoo Royale with Cheese batting - Pitching for New York Knights : RHP Randy Mailman
Batting: RHB Run-ming Zhu 0-0: Foul Ball, location: 2F
0-1: Ground out 6-3 (Groundball, 6)
Batting: LHB Ben Moss 0-0: Foul Ball, location: 2F
0-1: Swinging Strike
0-2: Strikes out swinging
Batting: SHB Jack Fountain 0-0: Ground out 1-3 (Groundball, 13S)
Top of the 2nd over - 0 run(s), 0 hit(s), 0 error(s), 0 left on base; Kalamazoo 0 - New York 0
BOTTOM OF THE 2ND
New York Knights batting - Pitching for Kalamazoo Royale with Cheese : RHP Jim Daniel
Batting: LHB Tom Waller 0-0: Ball
1-0: Foul Ball, location: 2F
1-1: Foul Ball, location: 2F
1-2: Strikes out swinging
Batting: SHB Domingo Martínez 0-0: Ball
1-0: Ball
2-0: Ball
3-0: Base on Balls
Batting: RHB Jesús Maestas 0-0: Ball
1-0: Foul Ball, location: 2F
1-1: Ball
2-1: Grounds into double play, 6-4-3 (Groundball, 6)
Bottom of the 2nd over - 0 run(s), 0 hit(s), 0 error(s), 0 left on base; Kalamazoo 0 - New York 0
TOP OF THE 3RD
Kalamazoo Royale with Cheese batting - Pitching for New York Knights : RHP Randy Mailman
Batting: LHB Jack Hewat 0-0: Ball
1-0: Foul Ball, location: 2F
1-1: Ball
2-1: Swinging Strike
2-2: Ball
3-2: SOLO HOME RUN (Flyball, 78XD), Distance : 395 ft
Batting: LHB Dave Pitts 0-0: Called Strike
0-1: Ball
1-1: Ball
2-1: Ball
3-1: Foul Ball, location: 2F
3-2: SINGLE (Flyball, 7LS)
Batting: LHB Bryce Hopkins 0-0: Foul Ball, location: 2F
0-1: Ball
1-1: Ball
2-1: Fly out, F7 (Flyball, 78M)
Batting: RHB Eugenio Lucero 0-0: Fielders Choice at 2nd, 6-4 (Groundball, 6M)
Batting: LHB Jacob Wright 0-0: 2-RUN HOME RUN (Flyball, 89XD), Distance : 418 ft
Batting: LHB Stan Hickman 0-0: Called Strike
0-1: Ball
1-1: Called Strike
1-2: Ball
2-2: Ball
3-2: Base on Balls
Batting: RHB Run-ming Zhu 0-0: Called Strike
0-1: Ball
1-1: Swinging Strike
1-2: Ball
2-2: Ball
3-2: Foul Ball, location: 2F
3-2: SINGLE (Groundball, 56)
Stan Hickman to second
Stan Hickman to third
Batting: LHB Ben Moss 0-0: Ball
1-0: Foul Ball, location: 2F
1-1: Foul Ball, location: 2F
1-2: Ball
2-2: SINGLE (Groundball, 56D)
Stan Hickman scores
Run-ming Zhu to second
Batting: SHB Jack Fountain 0-0: Called Strike
0-1: Reached on error, E6 (Groundball, 6)
Run-ming Zhu to third
Ben Moss to second
Batting: LHB Jack Hewat 0-0: Called Strike
0-1: Foul Ball, location: 2F
0-2: Ball
1-2: SINGLE (Line Drive, 7LS)
Run-ming Zhu scores
Ben Moss to third
Jack Fountain to second
Runner from 3rd tries for Home, SAFE, no throw or cutoff
Batting: LHB Dave Pitts 0-0: Swinging Strike
0-1: Fly out, F8 (Line Drive, 8RM)
Top of the 3rd over - 6 run(s), 6 hit(s), 1 error(s), 2 left on base; Kalamazoo 6 - New York 0
BOTTOM OF THE 3RD
New York Knights batting - Pitching for Kalamazoo Royale with Cheese : RHP Jim Daniel
Batting: RHB Tom Meyer 0-0: Ball
1-0: Called Strike
1-1: Foul Ball, location: 2F
1-2: Strikes out swinging
Batting: RHB Dani Torres 0-0: Foul Ball, location: 2F
0-1: Foul Ball, location: 2F
0-2: Ball
1-2: Ball
2-2: Ball
3-2: Strikes out swinging
Batting: RHB José Aguilera 0-0: Ball
1-0: Ground out 6-3 (Groundball, 6)
Bottom of the 3rd over - 0 run(s), 0 hit(s), 0 error(s), 0 left on base; Kalamazoo 6 - New York 0
TOP OF THE 4TH
Kalamazoo Royale with Cheese batting - Pitching for New York Knights : RHP Randy Mailman
Batting: LHB Bryce Hopkins 0-0: Called Strike
0-1: Ball
1-1: Ball
2-1: Fly out, F9 (Line Drive, 89S)
Batting: RHB Eugenio Lucero 0-0: Foul Ball, location: 2F
0-1: Ball
1-1: Swinging Strike
1-2: Fly out, F6 (Line Drive, 6)
Batting: LHB Jacob Wright 0-0: Called Strike
0-1: Ball
1-1: Ball
2-1: Foul Ball, location: 2F
2-2: Strikes out looking
Top of the 4th over - 0 run(s), 0 hit(s), 0 error(s), 0 left on base; Kalamazoo 6 - New York 0
BOTTOM OF THE 4TH
New York Knights batting - Pitching for Kalamazoo Royale with Cheese : RHP Jim Daniel
Batting: RHB Pepe Carrasco 0-0: Called Strike
0-1: Ball
1-1: Ball
2-1: Foul Ball, location: 2F
2-2: Strikes out swinging
Batting: LHB Troy Donaldson 0-0: Ball
1-0: Ball
2-0: Ball
3-0: Called Strike
3-1: Base on Balls
Batting: SHB Marvin Harris 0-0: Called Strike
0-1: Called Strike
0-2: Fielders Choice at 2nd, 4-6 (Groundball, 34)
Batting: LHB Tom Waller 0-0: Called Strike
0-1: Ball
1-1: Ball
2-1: Fly out, F7 (Flyball, 7LD)
Bottom of the 4th over - 0 run(s), 0 hit(s), 0 error(s), 1 left on base; Kalamazoo 6 - New York 0
TOP OF THE 5TH
Kalamazoo Royale with Cheese batting - Pitching for New York Knights : RHP Randy Mailman
Batting: LHB Stan Hickman 0-0: Ball
1-0: Ground out 5-3 (Groundball, 56)
Batting: RHB Run-ming Zhu 0-0: Called Strike
0-1: SOLO HOME RUN (Flyball, 7D), Distance : 370 ft
Batting: LHB Ben Moss 0-0: Foul Ball, location: 2F
0-1: Called Strike
0-2: Ball
1-2: Strikes out swinging
Batting: SHB Jack Fountain 0-0: Ball
1-0: Fly out, F7 (Flyball, 7D)
Top of the 5th over - 1 run(s), 1 hit(s), 0 error(s), 0 left on base; Kalamazoo 7 - New York 0
BOTTOM OF THE 5TH
New York Knights batting - Pitching for Kalamazoo Royale with Cheese : RHP Jim Daniel
Batting: SHB Domingo Martínez 0-0: Called Strike
0-1: Foul Ball, location: 2F
0-2: Foul Ball, location: 2F
0-2: SOLO HOME RUN (Flyball, 89XD), Distance : 432 ft
Batting: RHB Jesús Maestas 0-0: Ball
1-0: Called Strike
1-1: Ball
2-1: Foul Ball, location: 2F
2-2: Ball
3-2: Base on Balls
Batting: RHB Tom Meyer 0-0: Ball
1-0: Called Strike
1-1: Ball
2-1: Ground out 5-3 (Groundball, 5S)
Jesús Maestas to second
Batting: RHB Dani Torres 0-0: Swinging Strike
0-1: Swinging Strike
0-2: Strikes out swinging
Batting: RHB José Aguilera 0-0: Foul Ball, location: 2F
0-1: Swinging Strike
0-2: Ball
1-2: Ball
2-2: Foul Ball, location: 2F
2-2: Fly out, F7 (Flyball, 7D)
Bottom of the 5th over - 1 run(s), 1 hit(s), 0 error(s), 1 left on base; Kalamazoo 7 - New York 1
TOP OF THE 6TH
Kalamazoo Royale with Cheese batting - Pitching for New York Knights : RHP Randy Mailman
Pitching: RHP António Sánchez
Batting: LHB Jack Hewat 0-0: Ball
1-0: Ball
2-0: Ball
3-0: Base on Balls
Batting: LHB Dave Pitts 0-0: Swinging Strike
0-1: Ball
1-1: Foul Ball, location: 2F
1-2: Strikes out swinging
Batting: LHB Bryce Hopkins 0-0: Called Strike
0-1: Foul Ball, location: 2F
0-2: Ball
1-2: Foul Ball, location: 2F
1-2: Foul Ball, location: 2F
1-2: Foul Ball, location: 2F
1-2: Reached on error, E4 (Groundball, 34)
Jack Hewat to second
Batting: RHB Eugenio Lucero 0-0: Swinging Strike
0-1: Foul Ball, location: 2F
0-2: Ball
1-2: Ball
2-2: Grounds into double play, 6-4-3 (Groundball, 6)
Top of the 6th over - 0 run(s), 0 hit(s), 1 error(s), 1 left on base; Kalamazoo 7 - New York 1
BOTTOM OF THE 6TH
New York Knights batting - Pitching for Kalamazoo Royale with Cheese : RHP Jim Daniel
Batting: RHB Pepe Carrasco 0-0: Ball
1-0: Foul Ball, location: 2F
1-1: Foul Ball, location: 2F
1-2: Strikes out swinging
Batting: LHB Troy Donaldson 0-0: Ball
1-0: Ball
2-0: Called Strike
2-1: Ground out 4-3 (Groundball, 4)
Batting: SHB Marvin Harris 0-0: Called Strike
0-1: Foul Ball, location: 2F
0-2: Ball
1-2: Ball
2-2: Strikes out swinging
Bottom of the 6th over - 0 run(s), 0 hit(s), 0 error(s), 0 left on base; Kalamazoo 7 - New York 1
TOP OF THE 7TH
Kalamazoo Royale with Cheese batting - Pitching for New York Knights : RHP António Sánchez
Batting: LHB Jacob Wright 0-0: Ball
1-0: Called Strike
1-1: Foul Ball, location: 2F
1-2: Ball
2-2: Foul Ball, location: 2F
2-2: Ball
3-2: Strikes out looking
Batting: LHB Stan Hickman 0-0: Ball
1-0: Foul Ball, location: 2F
1-1: Foul Ball, location: 2F
1-2: SINGLE (Line Drive, 89S)
Batting: RHB Run-ming Zhu 0-0: Ball
1-0: Ball
2-0: Foul Ball, location: 2F
2-1: Ball
3-1: Base on Balls
Stan Hickman to second
Batting: LHB Ben Moss 0-0: SINGLE (Line Drive, 34D)
Stan Hickman to third
Run-ming Zhu to second
Batting: SHB Jack Fountain 0-0: Called Strike
0-1: Grounds into double play, 4-6-3 (Groundball, 34)
Top of the 7th over - 0 run(s), 2 hit(s), 0 error(s), 2 left on base; Kalamazoo 7 - New York 1
BOTTOM OF THE 7TH
New York Knights batting - Pitching for Kalamazoo Royale with Cheese : RHP Jim Daniel
Pitching: RHP José Ruíz
Batting: LHB Tom Waller 0-0: Called Strike
0-1: Ball
1-1: Foul Ball, location: 2F
1-2: DOUBLE (Line Drive, 89D)
Batting: SHB Domingo Martínez 0-0: Called Strike
0-1: Ball
1-1: Foul Ball, location: 2F
1-2: Ground out U3 (Groundball, 3S)
Tom Waller to third
Batting: RHB Jesús Maestas 0-0: Called Strike
0-1: Called Strike
0-2: Ball
1-2: Fly out, F4 (Popup, 89S)
Batting: RHB Tom Meyer 0-0: Fly out, F8 (Flyball, 8RD)
Bottom of the 7th over - 0 run(s), 1 hit(s), 0 error(s), 1 left on base; Kalamazoo 7 - New York 1
TOP OF THE 8TH
Kalamazoo Royale with Cheese batting - Pitching for New York Knights : RHP António Sánchez
Pitching: LHP Fernando Alvarado
Batting: LHB Jack Hewat 0-0: Called Strike
0-1: Ball
1-1: Ball
2-1: Swinging Strike
2-2: Foul Ball, location: 2F
2-2: Ball
3-2: Fly out, F7 (Line Drive, 5D)
Batting: LHB Dave Pitts 0-0: Called Strike
0-1: Called Strike
0-2: Strikes out looking
Batting: LHB Bryce Hopkins 0-0: Called Strike
0-1: Ground out 4-3 (Groundball, 34)
Top of the 8th over - 0 run(s), 0 hit(s), 0 error(s), 0 left on base; Kalamazoo 7 - New York 1
BOTTOM OF THE 8TH
New York Knights batting - Pitching for Kalamazoo Royale with Cheese : RHP José Ruíz
Batting: RHB Dani Torres 0-0: Ball
1-0: Called Strike
1-1: Foul Ball, location: 2F
1-2: Foul Ball, location: 2F
1-2: Strikes out swinging
Batting: RHB José Aguilera 0-0: Ball
1-0: Ball
2-0: Called Strike
2-1: Foul Ball, location: 2F
2-2: Strikes out swinging
Batting: RHB Pepe Carrasco 0-0: Called Strike
0-1: Swinging Strike
0-2: Strikes out looking
Bottom of the 8th over - 0 run(s), 0 hit(s), 0 error(s), 0 left on base; Kalamazoo 7 - New York 1
TOP OF THE 9TH
Kalamazoo Royale with Cheese batting - Pitching for New York Knights : LHP Fernando Alvarado
Batting: RHB Eugenio Lucero 0-0: Ball
1-0: Ball
2-0: Ball
3-0: Called Strike
3-1: Called Strike
3-2: Foul Ball, location: 2F
3-2: Ground out 6-3 (Groundball, 6)
Batting: LHB Jacob Wright 0-0: Ball
1-0: Ball
2-0: Ball
3-0: Called Strike
3-1: Base on Balls
Batting: LHB Stan Hickman 0-0: Ball
1-0: Foul Ball, location: 2F
1-1: Ball
2-1: Ball
3-1: Base on Balls
Jacob Wright to second
Batting: RHB Run-ming Zhu 0-0: Ball
1-0: Ball
2-0: Foul Ball, location: 2F
2-1: Ball
3-1: Foul Ball, location: 2F
3-2: SINGLE (Line Drive, 78S)
Jacob Wright to third
Stan Hickman to second
Runner from 3rd tries for Home, SAFE, throw made home
Stan Hickman to third
Run-ming Zhu to second
Batting: LHB Ben Moss 0-0: Ball
1-0: Ball
2-0: Ball
3-0: Called Strike
3-1: Called Strike
3-2: SINGLE (Flyball, 7S)
Stan Hickman scores
Run-ming Zhu to third
Runner from 3rd tries for Home, SAFE, no throw or cutoff
Batting: SHB Jack Fountain 0-0: Fly out, F8 (Flyball, 8LM)
Batting: LHB Jack Hewat 0-0: Ball
1-0: Called Strike
1-1: Fly out, F6 (Popup, 56)
Top of the 9th over - 3 run(s), 2 hit(s), 0 error(s), 1 left on base; Kalamazoo 10 - New York 1
BOTTOM OF THE 9TH
New York Knights batting - Pitching for Kalamazoo Royale with Cheese : RHP José Ruíz
Pinch Hitting: LHB Vincente Sáenz 0-0: Ball
1-0: Ball
2-0: Ball
3-0: Called Strike
3-1: Ground out U3 (Groundball, 3S)
Pinch Hitting: RHB Cheng-ho Qiao 0-0: Foul Ball, location: 2F
0-1: Fly out, F8 (Flyball, 8RM)
Batting: LHB Tom Waller 0-0: Ball
1-0: Called Strike
1-1: Ball
2-1: Called Strike
2-2: Foul Ball, location: 2F
2-2: Ball
3-2: Foul Ball, location: 2F
3-2: Foul Ball, location: 2F
3-2: Ground out 4-3 (Groundball, 4)
Bottom of the 9th over - 0 run(s), 0 hit(s), 0 error(s), 0 left on base; Kalamazoo 10 - New York 1
This league is powered by Out of the Park Baseball, the baseball management simulation game for PC, Mac and Linux
Saturday, April 9th, 2016 - OOTP Baseball 16.8 Build 38